Map: Pillars of Gold LE

Players

OcpMetal - Winner!

  • Race: Terran Terran
  • League: Gold
  • Spawn Location: 7:00

YYD

  • Race: Zerg Zerg
  • League: Platinum
  • Spawn Location: 1:00

VOD

Have the link to the VOD?

Description

Time

  • Played on: July 12, 2020, 6:35 p.m.
  • Length: 13:36
Show
View Real Time Build Order
Export as new Build Order

OcpMetal Terran - Winner!

Build Orders: Reaper Expand 

Get SALT Encoding   

  12  0:01  SCV  
  13  0:13  SCV  
  14  0:20  Supply Depot  
  14  0:25  SCV  
  15  0:42  SCV  
  16  0:48  Barracks  
  16  0:52  Refinery  
  16  0:54  SCV  
  17  1:06  SCV  
  18  1:21  SCV  
  19  1:38  Reaper, Supply Depot  
  20  1:40  Orbital Command  
  20  2:08  Command Center, SCV  
  21  2:20  SCV  
  22  2:31  Barracks Reactor  
  22  2:32  Factory  
  22  2:35  Refinery, SCV  
  23  2:47  SCV  
  24  2:59  SCV  
  25  3:15  SCV  
  26  3:27  Barracks Tech Lab, SCV  
  26  3:31  Orbital Command  
  27  3:36  Command Center  
  27  3:37  Hellion  
  27  3:38  Hellion  
  27  3:39  SCV  
  32  3:51  SCV  
  33  3:56  Bunker  
  33  3:58  Marine  
  33  3:59  Hellion  
  33  4:00  Supply Depot  
  36  4:03  SCV  
  37  4:15  Marine  
  37  4:17  Orbital Command  
  37  4:18  Barracks  
  37  4:33  Marine  
  38  4:45  Hellion x2  
  42  4:51  Marine  
  42  4:52  Orbital Command  
  43  4:54  SCV x2  
  45  5:05  Marine  
  45  5:06  Hellion  
  45  5:07  Hellion  
  50  5:08  Factory  
  50  5:09  Marine  
  52  5:14  SCV x2  
  53  5:22  Marine  
  53  5:25  SCV  
  53  5:26  SCV x2  
  53  5:27  Marine  
  53  5:28  Hellion x2  
  62  5:38  SCV x2  
  65  5:44  Marine  
  65  5:47  Bunker  
  65  5:49  Hellion  
  68  5:51  Barracks Tech Lab, Widow Mine  
  69  6:19  Barracks Tech Lab  
  69  6:23  Supply Depot x3  
  69  6:24  Supply Depot  
  69  6:25  Supply Depot  
  69  6:26  Supply Depot  
  69  6:29  Marine  
  69  6:30  Siege Tank, Widow Mine x2  
  77  6:42  Stimpack  
  77  6:44  Marine  
  77  6:46  Supply Depot  
  78  6:47  Marine  
  78  6:51  Hellion x2  
  78  6:52  SCV x3  
  86  6:57  Refinery  
  86  7:02  Marine, Siege Tank  
  86  7:04  SCV x2  
  86  7:05  Marine  
  93  7:11  Starport  
  93  7:12  Supply Depot  
  93  7:13  Hellion  
  93  7:14  Supply Depot  
  95  7:16  Supply Depot  
  95  7:20  Marine  
  90  7:23  Marine  
  85  7:31  Hellion  
  85  7:34  Hellion, Siege Tank  
  90  7:38  Marine  
  90  7:40  Marine  
  92  7:52  Hellion  
  92  7:55  Hellion  
  92  7:56  Marine  
  92  7:57  SCV x3  
  100  7:58  Marine  
  101  8:06  Siege Tank  
  101  8:07  Medivac  
  101  8:09  SCV x3  
  108  8:13  Marine  
  108  8:14  Hellion  
  108  8:16  Marine  
  108  8:17  Hellion  
  114  8:21  SCV x2  
  114  8:25  Combat Shield  
  116  8:31  Marine  
  114  8:34  Marine  
  114  8:38  Siege Tank  
  109  8:49  Marine  
  109  8:52  Marine  
  106  9:01  Barracks  
  106  9:02  Barracks  
  101  9:06  Barracks x2  
  101  9:07  Marine  
  99  9:10  Marine, Siege Tank  
  99  9:11  Barracks  
  99  9:15  Barracks  
  99  9:17  Barracks x2  
  103  9:19  Medivac, Barracks  
  105  9:25  Marine  
  105  9:27  Marine  
  103  9:42  Marine, Siege Tank  
  103  9:45  Marine  
  102  9:49  Medivac  
  88  9:52  Marine  
  88  9:53  Marine x3  
  88  9:57  Marine  
  82  10:00  Marine  
  82  10:03  Marine  
  82  10:05  Marine x2  
  82  10:06  Marine x2  
  83  10:10  Marine x2  
  83  10:11  Marine x2  
  82  10:15  Marine  
  82  10:18  Marine  
  82  10:21  Marine  
  81  10:23  Marine x3  
  81  10:24  Marine  
  81  10:28  Marine x3  
  86  10:29  Marine  
  86  10:33  Marine  
  87  10:36  Marine  
  87  10:39  Marine  
  87  10:41  Marine x4  
  87  10:42  Engineering Bay  
  91  10:46  Marine x4  
  92  10:50  Marine  
  92  10:54  Marine  
  92  10:56  Marine  
  93  10:59  Marine x4  
  93  11:03  SCV x3  
  93  11:04  Marine x4  
  99  11:08  Marine  
  104  11:12  Marine  
  104  11:14  Marine  
  104  11:15  SCV  
  104  11:17  Marine x4  
  111  11:18  Missile Turret x2  
  111  11:19  Missile Turret  
  111  11:21  Marine  
  111  11:22  Marine x3  
  111  11:23  Viking  
  113  11:26  Marine  
  113  11:29  Marine  
  113  11:32  Marine  
  109  11:34  Marine x2  
  109  11:35  Marine x2  
  109  11:39  Marine x2  
  110  11:40  Marine x2  
  110  11:44  Marine  
  112  11:47  Marine  
  112  11:50  Marine  
  112  11:52  Marine x3, SCV x3  
  112  11:53  Marine  
  121  11:57  Marine x3  
  121  11:58  Marine  
  125  12:02  Marine  
  125  12:04  SCV x3  
  125  12:05  Marine  
  125  12:08  Marine  
  131  12:09  Missile Turret  
  131  12:10  Marine x2  
  131  12:11  Missile Turret  
  131  12:12  Missile Turret  
  131  12:13  Missile Turret  
  133  12:16  SCV x2  
  133  12:17  SCV  
  133  12:22  Marine x4  
  136  12:23  Marine x4  
  136  12:25  Marine  
  136  12:28  Marine x2  
  136  12:29  SCV x3  
  149  12:32  Hellion x2  
  153  12:40  Marine  
  153  12:41  SCV x3  
Show
View Real Time Build Order
Export as new Build Order

YYD Zerg 

Build Orders: Hatch First, Muta Ling Bane 

Get SALT Encoding   

  12  0:01  Drone  
  13  0:13  Overlord  
  13  0:18  Drone  
  14  0:31  Drone x2  
  16  0:52  Hatchery  
  16  0:54  Drone  
  16  0:57  Drone  
  16  1:02  Extractor  
  16  1:04  Drone  
  17  1:12  Drone  
  18  1:29  Drone  
  18  1:30  Overlord  
  19  1:36  Spawning Pool  
  18  1:50  Drone  
  19  2:23  Queen  
  19  2:24  Queen  
  19  2:28  Metabolic Boost  
  23  2:37  Drone x4, Zergling x4  
  29  3:13  Drone x6  
  35  3:21  Lair  
  35  3:23  Queen, Extractor  
  36  3:39  Overlord  
  36  3:40  Overlord  
  36  3:42  Hatchery  
  36  3:46  Zergling x2  
  36  3:49  Overlord  
  36  4:11  Overlord  
  35  4:33  Zergling x12  
  35  4:34  Zergling x10  
  45  4:41  Evolution Chamber  
  45  4:43  Evolution Chamber  
  43  4:49  Overseer  
  43  5:11  Overlord x2  
  43  5:18  Queen  
  43  5:21  Overlord  
  45  5:24  Extractor  
  45  5:26  Extractor  
  43  5:34  Baneling Nest  
  42  5:37  Drone x3  
  42  5:38  Drone x7  
  52  6:04  Zerg Melee Weapons Level 1  
  52  6:10  Spire  
  52  6:11  Drone x5  
  54  6:13  Drone x2  
  54  6:14  Drone  
  54  6:18  Centrifical Hooks  
  59  6:19  Zergling x2  
  59  6:20  Zergling x2  
  61  6:31  Overlord  
  61  6:32  Overlord  
  60  6:48  Baneling x3  
  60  6:49  Baneling  
  60  7:02  Drone x3  
  50  7:24  Zergling x8  
  50  7:25  Zergling x2  
  55  7:34  Mutalisk x8  
  66  7:46  Spine Crawler  
  66  7:48  Spine Crawler  
  66  7:50  Overseer  
  64  7:53  Baneling  
  64  7:54  Baneling x3  
  63  8:00  Spine Crawler  
  58  8:18  Drone x2  
  58  8:19  Spine Crawler, Drone x2  
  59  8:33  Zergling x10  
  59  8:34  Zergling x8  
  68  8:36  Hatchery  
  59  9:18  Baneling x2  
  59  9:19  Baneling x4  
  59  9:38  Zergling x12  
  63  9:39  Zergling x2  
  62  9:57  Mutalisk x3  
  57  11:29  Zergling x2  
  57  11:30  Zergling x4  
  54  11:41  Zergling x6  
  54  11:42  Zergling x2  
  47  11:55  Spine Crawler  
  40  12:10  Drone x2  
  40  12:12  Drone x3  
  45  12:24  Spine Crawler  
  45  12:29  Spawning Pool  
  43  12:30  Lair  
  36  13:13  Hatchery  
  35  13:23  Spawning Pool  
Tags
 
Add a new tag
Caveats
  • Supply blocks, unpowered buildings, or Contaminate may cause inaccurate times.
  • Supply counts are checked every 10 seconds.